AoeStats
← LeeFvn

MegaRandom

509079022Analyzed
4v4 RM · 6d ago on Sep 25, 2026· 48m 9s· 8 players
Game mode
Random Map
Map size
Large (8 player)
Population
200
Speed
Normal
Resources
Standard
Victory
Conquest
Starting age
Dark Age
Ending age
Imperial Age
RankedLock teamsTeams togetherTeam positionsShared explorationLock speedFull tech treeHidden civsTurbo modeCheats
Victory
Defeat
🇨🇱 Poles · Chile
1067
+13
🇵🇱 Cumans · Poland
1022
+15
🇹🇷 Britons · Türkiye
920
+20
🇧🇪 Byzantines · Belgium
913
+21
🇹🇼 Persians · Taiwan
1027
-18
🇧🇷 Tatars · Brazil
1017
-18
🇨🇳 Varangians · China
1004
-17
🇮🇩 Vietnamese · Indonesia
967
-16
LeeFvn
9:29 Loom
13:44 Feudal Age
14:16 Horse Collar
20:13 Castle Age
19:08 Double-Bit Axe
28:18 Gold Mining
31:59 Wheelbarrow
32:47 Stone Mining
34:33 Hand Cart
36:02 Husbandry
36:27 Bloodlines
36:37 Forging
37:01 Squires
37:30 Ballistics
37:09 Murder Holes
38:22 Bow Saw
38:14 Heavy Plow
39:24 Iron Casting
38:55 Scale Barding Armor
39:27 Ballistics
39:11 Scale Mail Armor
43:04 Imperial Age
40:37 Gambesons
41:21 Chain Barding Armor
43:19 Gothikon
44:37 Conscription
43:44 Elite Varangian Guard
46:47 Blast Furnace
46:03 Chain Mail Armor
46:27 Plate Barding Armor
nvda
11:12 Feudal Age
15:31 Castle Age
16:13 Double-Bit Axe
16:10 Horse Collar
16:41 Loom
18:04 Bow Saw
21:55 Wheelbarrow
26:08 Heavy Plow
26:29 Bloodlines
27:54 Thumb Ring
27:52 Crossbowman
28:41 Elite Skirmisher
29:25 Fletching
31:10 Kamandaran
32:36 Bodkin Arrow
33:30 Padded Archer Armor
38:20 Imperial Age
36:38 Husbandry
38:59 Hand Cart
40:38 Conscription
Paladins Order
0:56 Loom
11:56 Feudal Age
18:12 Double-Bit Axe
20:03 Fletching
20:43 Padded Archer Armor
25:36 Castle Age
23:50 Man-at-Arms
wlwz915964
9:28 Feudal Age
7:44 Loom
16:01 Castle Age
15:37 Double-Bit Axe
18:11 Wheelbarrow
17:29 Fletching
17:39 Padded Archer Armor
22:28 Bodkin Arrow
22:54 Horse Collar
24:50 Hand Cart
25:45 Ballistics
25:46 Gold Mining
26:21 Leather Archer Armor
27:50 Gold Shaft Mining
28:06 Stone Mining
29:32 Silk Armor
29:37 Heavy Plow
31:18 Bow Saw
32:22 Bloodlines
32:13 Husbandry
Hymoteptep
11:31 Feudal Age
9:53 Loom
11:39 Feudal Age
12:56 Double-Bit Axe
13:52 Horse Collar
18:44 Fletching
21:02 Castle Age
19:57 Padded Archer Armor
21:06 Crossbowman
23:19 Thumb Ring
25:09 Bodkin Arrow
26:41 Leather Archer Armor
29:57 Stone Mining
33:27 Forging
35:52 Gold Mining
47:29 Imperial Age
46:59 Ballistics
46:36 Murder Holes
47:44 Arbalester
yuziba
12:12 Feudal Age
15:17 Double-Bit Axe
15:14 Horse Collar
17:03 Wheelbarrow
16:32 Man-at-Arms
17:27 Forging
18:08 Loom
18:26 Gold Mining
18:29 Stone Mining
25:20 Castle Age
26:26 Fletching
26:38 Scale Mail Armor
26:39 Padded Archer Armor
27:15 Iron Casting
26:19 Pikeman
27:00 Squires
26:46 Arson
29:01 Hand Cart
29:48 Elite Skirmisher
45:04 Imperial Age
42:39 Murder Holes
43:38 Bodkin Arrow
43:59 Leather Archer Armor
46:43 Bracer
47:35 Ballistics
47:27 Fortified Wall
YOGI7225
10:30 Feudal Age
11:43 Double-Bit Axe
11:40 Horse Collar
13:13 Gold Mining
13:18 Loom
20:17 Castle Age
18:59 Fletching
22:25 Heavy Plow
21:51 Elite Skirmisher
23:26 Capped Ram
26:23 Bow Saw
26:15 Bodkin Arrow
26:20 Padded Archer Armor
27:50 Scale Barding Armor
27:55 Forging
30:20 Wheelbarrow
29:32 Town Watch
30:38 Stone Mining
32:48 Bloodlines
35:40 Pikeman
36:21 Squires
37:08 Chain Barding Armor
37:11 Arson
38:03 Iron Casting
38:10 Hand Cart
39:12 Gold Shaft Mining
41:54 Imperial Age
40:18 Light Cavalry
42:08 Cavalier
42:42 Hussar
44:39 Crop Rotation
44:18 Town Patrol
48:18 Blast Furnace
47:53 Plate Barding Armor
47:32 Paladin
Andrus
8:37 Loom
11:34 Feudal Age
14:03 Scale Barding Armor
13:51 Horse Collar
18:33 Forging
22:04 Bloodlines
25:22 Castle Age
24:55 Fletching
26:59 Wheelbarrow
26:11 Town Watch
26:24 Double-Bit Axe
26:12 Light Cavalry
27:49 Husbandry
29:17 Bodkin Arrow
30:10 Hand Cart
32:53 Heavy Plow
36:46 Bow Saw
44:55 Imperial Age
45:04 Chain Barding Armor
45:20 Iron Casting
45:33 Winged Hussar
47:04 Crop Rotation
48:21 Blast Furnace
Connection lost

Rejoining the realm…

Still unreachable

The connection could not be restored.

Session expired

The server has moved on; the page needs a fresh start.